Cogmind - Beta 15 @@@ ROGUE MODE // 2025.07.16 @ 22:31:35 Player: erfael Result: Self-destructed Performance ------------- Evolutions (0) 0 Regions Visited (4) 800 Robots Destroyed (18) 90 Value Destroyed (422) 422 Prototype IDs (0) 0 Alien Tech Used (0) 0 Bonus (264) 264 TOTAL SCORE: 1576 Bonus ------- Aligned with FarCom 300 Friendly Fire -36 Cogmind --------- Core Integrity 103/250 Matter 300/300 Energy 265/265 System Corruption 0% Temperature Cool (0) Movement Walking (120) Location -9/Mines Parts ------- > --- POWER (1) -------- Improved Ion Engine > --- PROPULSION (2) --- Aluminum Leg Aluminum Leg > --- UTILITY (2) ------ Small Storage Unit Improved Terrain Scanner > --- WEAPON (2) ------- Assault Rifle Assault Rifle > --- INVENTORY (8) ---- Ion Engine Aluminum Leg Aluminum Leg Modified TNC Light Armor Plating Makeshift Spear Peak State ------------ > --- POWER ------------ Improved Ion Engine > --- PROPULSION ------- Aluminum Leg Aluminum Leg > --- UTILITY ---------- Small Storage Unit Improved Terrain Scanner > --- WEAPON ----------- Assault Rifle Makeshift Spear > --- INVENTORY -------- Ion Engine Aluminum Leg Aluminum Leg Seismic Detector Modified TNC Light Armor Plating Assault Rifle Grenade Launcher [Rating: 14] Favorites ----------- Power Improved Ion Engine Engine Improved Ion Engine Propulsion Aluminum Leg Leg Aluminum Leg Utility Small Storage Unit Device Improved Terrain Scanner Storage Small Storage Unit Weapon Assault Rifle Energy Gun Medium Laser Ballistic Gun Assault Rifle Launcher Grenade Launcher Piercing Weapon Makeshift Spear Build | -11 -10 -10 -10 -9 ------- Run | Yrd Mat Min Exi Min Slots Evolved . | . . . . . Power . | . . . . . Propulsion . | . . . . . Utility . | . . . . . Weapon . | . . . . . Parts Attached 16 | 8 2 1 . 5 Power 2 | 1 . . . 1 Engine 2 | 1 . . . 1 Core . | . . . . . Reactor . | . . . . . Propulsion 6 | 2 2 1 . 1 Treads . | . . . . . Leg 6 | 2 2 1 . 1 Wheel . | . . . . . Hover . | . . . . . Flight . | . . . . . Utility 3 | 2 . . . 1 Device 2 | 1 . . . 1 Storage 1 | 1 . . . . Processor . | . . . . . Hackware . | . . . . . Protection . | . . . . . Artifact . | . . . . . Weapon 5 | 3 . . . 2 Energy Gun 1 | 1 . . . . Energy Cannon . | . . . . . Ballistic Gun 2 | 2 . . . . Ballistic Cannon . | . . . . . Launcher 1 | . . . . 1 Special Weapon . | . . . . . Impact Weapon . | . . . . . Slashing Weapon . | . . . . . Piercing Weapon 1 | . . . . 1 Special Melee Weapon . | . . . . . Unidentified Prototypes . | . . . . . Parts Lost 1 | . . . . 1 Power . | . . . . . Propulsion . | . . . . . Utility . | . . . . . Weapon 1 | . . . . 1 Highest Loss Streak 1 | . . . . 1 To Critical Strikes . | . . . . . Average Backups 7 | 5 8 8 8 6 Power 1 | 1 2 2 1 1 Propulsion 2 | 2 2 2 2 2 Utility 2 | . 2 3 3 2 Weapon 1 | . 1 1 1 1 Tool/Special . | . . . . . Unused Backups 11 | 1 3 1 1 5 Power 2 | . . . 1 1 Propulsion 5 | 1 3 . . 1 Utility 3 | . . . . 3 Weapon 1 | . . 1 . . Tool/Special . | . . . . . Average Slot Usage (%) 99 | . 100 100 100 99 Engine 13 | . 14 14 14 13 Leg 28 | . 28 28 28 28 Device 14 | . 14 14 14 14 Storage 14 | . 14 14 14 14 Ballistic Gun 26 | . 28 28 28 25 Launcher 1 | . . . . 1 Peak Build Rating 14 | 8 8 8 8 14 Average Rating 9 | 6 7 7 8 10 On Entrance 6 | . 8 8 8 8 Naked Turns . | . . . . . Heaviest Build 18 | 15 15 15 15 18 Greatest Support 20 | 20 20 20 20 20 Greatest Overweight (x) 2 | 2 . . . . Average Overweight (x) . | . . . . . Largest Inventory Capacity 8 | 8 8 8 8 8 Average Capacity 7 | 7 8 8 8 8 Most Carried 8 | 8 8 8 8 8 Average Carried 7 | 5 7 7 7 6 Final Capacity 8 | 8 8 8 8 8 Final Carried 8 | 8 8 8 8 6 Class Distribution -------------------- 49% | Mutant 48% | Skirmisher Dominant Class ---------------- Mutant | -10/Materials Mutant | -10/Mines Mutant | -10/Exiles Skirmisher | -9/Mines Resources | -11 -10 -10 -10 -9 ----------- Run | Yrd Mat Min Exi Min Matter Collected 721 | 328 88 32 . 273 Remotely . | . . . . . Salvage Created 561 | 161 145 60 . 195 Parts 40 | 13 6 2 . 19 Haulers Intercepted . | . . . . . Recyclers Shooed 2 | 1 1 . . . Parts Field Recycled . | . . . . . Retrieved Matter . | . . . . . Parts Self-Destructed . | . . . . . Prevented . | . . . . . Kills | -11 -10 -10 -10 -9 ------- Run | Yrd Mat Min Exi Min Combat Hostiles Destroyed 11 | . 3 1 . 7 Guns 6 | . 3 1 . 2 AOE 5 | . . . . 5 Classes Destroyed 5 | 2 2 . . 1 Worker 2 | . 1 . . 1 Tunneler 5 | 4 . . . 1 Recycler 1 | 1 . . . . Grunt 10 | . 3 1 . 6 Assembled 1 | . . . . 1 Best Kill Streak 6 | 3 3 1 . 6 Combat Bots Only 4 | . 2 1 . 4 Max Kills in Single Turn 1 | 1 1 1 . 1 Gunslinging . | . . . . . Exploded 1 | . . . . 1 Melee . | . . . . . Uniques/NPCs Destroyed . | . . . . . Combat | -11 -10 -10 -10 -9 -------- Run | Yrd Mat Min Exi Min Hostile Shots Fired 66 | . 13 3 . 50 Missed 22 | . . 2 . 20 Hits 44 | . 13 1 . 30 Melee 4 | . . . . 4 Projectile 40 | . 13 1 . 26 Critical Strikes 1 | . . . . 1 Damage Taken 606 | . 187 15 . 404 Core 147 | . 25 . . 122 Absorbed by Shields . | . . . . . Core Remaining (%) 100 | 100 . . . . Volleys Fired 42 | 8 13 2 . 19 Largest 2 | 2 2 2 . 2 Hottest 50 | 40 40 40 . 50 Shots Fired 82 | 16 26 4 . 36 Gun 72 | 16 26 4 . 26 Cannon . | . . . . . Launcher 10 | . . . . 10 Special . | . . . . . Kinetic 72 | 16 26 4 . 26 Thermal . | . . . . . Explosive 10 | . . . . 10 Electromagnetic . | . . . . . Robot Hit Streak 11 | 5 11 2 . 4 Robot Miss Streak 3 | 1 2 2 . 3 Penetration Max . | . . . . . Secondary Targets . | . . . . . Shots Hit Robots 49 | 11 19 2 . 17 Core Hits 32 | 5 9 1 . 17 Critical Kills . | . . . . . Critical Parts Destroyed . | . . . . . Critical Strikes . | . . . . . Melee Attacks 7 | . . . . 7 Impact . | . . . . . Slashing . | . . . . . Piercing 7 | . . . . 7 Sneak Attacks . | . . . . . Combat Hostiles . | . . . . . Follow-up Attacks . | . . . . . Damage Inflicted 955 | 160 223 36 . 536 Guns 552 | 160 223 36 . 133 Cannons . | . . . . . Explosions 403 | . . . . 403 Melee . | . . . . . Ramming . | . . . . . Kinetic 552 | 160 223 36 . 133 Thermal . | . . . . . Explosive 403 | . . . . 403 Electromagnetic . | . . . . . Impact . | . . . . . Slashing . | . . . . . Piercing . | . . . . . Highest Corruption . | . . . . . Average Corruption . | . . . . . Corruption Purged . | . . . . . Corruption Blocked . | . . . . . Overload Shots . | . . . . . Overflow Damage . | . . . . . Projectiles . | . . . . . Explosions . | . . . . . Melee . | . . . . . Knockbacks . | . . . . . Impact . | . . . . . Kinetic . | . . . . . Secondary . | . . . . . Self-Inflicted Damage 17 | . . . . 17 Shots 1 | . . . . 1 Rammed . | . . . . . Targets Rammed . | . . . . . Kicked . | . . . . . Crushed . | . . . . . Highest Temperature 3 | . 2 . . 3 Average Temperature 2 | . 2 . . 3 Received Heat Transfer 183 | . 81 9 . 93 Siege Activations . | . . . . . Martial Activations . | . . . . . Shielding Activations . | . . . . . Robots Disrupted . | . . . . . Combat Hostiles . | . . . . . Robots Corrupted . | . . . . . Combat Hostiles . | . . . . . Parts Fried . | . . . . . Impact Corruptions . | . . . . . Robots Melted . | . . . . . Combat Hostiles . | . . . . . Parts Melted . | . . . . . Heat Transferred . | . . . . . Parts Sabotaged . | . . . . . Parts Stolen . | . . . . . Parts Stripped . | . . . . . Power Chain Reactions . | . . . . . Alert | -11 -10 -10 -10 -9 ------- Run | Yrd Mat Min Exi Min Maximum Alert Level . | . . . . . Low Security (%) 100 | 100 100 100 . 100 Level 1 . | . . . . . Level 2 . | . . . . . Level 3 . | . . . . . Level 4 . | . . . . . Level 5 . | . . . . . High Security . | . . . . . Max Security . | . . . . . Peak Influence 164 | 15 56 30 . 164 Initial . | . . . . . Average 21 | 1 29 4 . 24 Influence Increases 557 | 25 136 30 . 366 Destroy 0b10 Robot/C 200 | . 60 20 . 120 Destroy 0b10 Robot/NC 40 | 25 5 . . 10 Destroy Leader 30 | . 10 10 . 10 Destroy Structure 47 | . 1 . . 46 Lose Combat Pursuer 240 | . 60 . . 180 Influence Decreases 397 | 25 136 30 . 206 Time Decay 387 | 25 136 30 . 196 Lost Part 10 | . . . . 10 Squads Dispatched . | . . . . . Investigation . | . . . . . Extermination . | . . . . . Reinforcement . | . . . . . Assault . | . . . . . Garrison . | . . . . . Intercept . | . . . . . Searches Triggered . | . . . . . Construction Impeded . | . . . . . Haulers Reinforced . | . . . . . Active Scanning Responses . | . . . . . Cargo Convoy Interrupts . | . . . . . Stealth | -11 -10 -10 -10 -9 --------- Run | Yrd Mat Min Exi Min Distress Signals 4 | . 2 . . 2 Communications Jammed . | . . . . . Distress Signals . | . . . . . Times Spotted 37 | . 13 2 . 22 Peak Tracking Total 9 | . 4 1 . 9 Tactical Retreats 8 | . 3 . . 5 Traps | -11 -10 -10 -10 -9 ------- Run | Yrd Mat Min Exi Min Traps Triggered . | . . . . . Indirectly . | . . . . . Trap Hack Attempts . | . . . . . Triggered . | . . . . . Disarmed . | . . . . . Reprogrammed . | . . . . . Reused . | . . . . . Traps Extracted . | . . . . . Installed . | . . . . . Triggered . | . . . . . Machines | -11 -10 -10 -10 -9 ---------- Run | Yrd Mat Min Exi Min Machines Disabled . | . . . . . Max in Single Turn . | . . . . . Machines Repaired . | . . . . . Machines Dismantled . | . . . . . Machines Sabotaged . | . . . . . Overloaded Fab Kills . | . . . . . Hacking | -11 -10 -10 -10 -9 --------- Run | Yrd Mat Min Exi Min Machines Accessed . | . . . . . Terminals . | . . . . . Fabricators . | . . . . . Repair Stations . | . . . . . Recycling Units . | . . . . . Scanalyzers . | . . . . . Garrison Access . | . . . . . Total Hacks . | . . . . . Successful . | . . . . . Failed . | . . . . . Catastrophic . | . . . . . Database Lockouts . | . . . . . Manual 1 | . . . 1 . Terminals . | . . . . . Fabricators . | . . . . . Repair Stations . | . . . . . Recycling Units . | . . . . . Scanalyzers . | . . . . . Garrison Access . | . . . . . Terminal Hacks . | . . . . . Fabricator Hacks . | . . . . . Repair Station Hacks . | . . . . . Recycling Unit Hacks . | . . . . . Scanalyzer . | . . . . . Garrison Access Hacks . | . . . . . Unauthorized Hacks . | . . . . . Terminals . | . . . . . Fabricators . | . . . . . Repair Stations . | . . . . . Recycling Units . | . . . . . Scanalyzers . | . . . . . Garrison Access . | . . . . . Data Cores Recovered . | . . . . . Used . | . . . . . Hacking Detections . | . . . . . Full Trace Events . | . . . . . Feedback Events . | . . . . . Feedback Blocked . | . . . . . Robot Schematics Acquired . | . . . . . Robots Built . | . . . . . Authchips . | . . . . . Time . | . . . . . Total Robot Build Rating . | . . . . . Part Schematics Acquired . | . . . . . Parts Built . | . . . . . Authchips . | . . . . . Time . | . . . . . Total Part Build Rating . | . . . . . Parts Repaired . | . . . . . Time . | . . . . . Parts Recycled . | . . . . . Recycled Matter . | . . . . . Retrieved Matter . | . . . . . Retrieved Components . | . . . . . Parts Scanalyzed . | . . . . . Part Schematics Acquired . | . . . . . Parts Damaged . | . . . . . Bothacking | -11 -10 -10 -10 -9 ------------ Run | Yrd Mat Min Exi Min Used RIF Installer . | . . . . . Robots Hacked . | . . . . . Non-combat . | . . . . . Combat . | . . . . . Robot Hacks Applied . | . . . . . Relay Couplers Released . | . . . . . Fabnet Peak Effective % . | . . . . . Robots Rewired . | . . . . . Allies Hacked . | . . . . . Hacks Repelled . | . . . . . Allies | -11 -10 -10 -10 -9 -------- Run | Yrd Mat Min Exi Min Total Allies . | . . . . . Largest Group . | . . . . . Highest-Rated Group . | . . . . . Highest-Rated Ally . | . . . . . Total Orders . | . . . . . Ally Attacks . | . . . . . Total Damage . | . . . . . Kills . | . . . . . Allies Corrupted . | . . . . . Allies Melted . | . . . . . Intel | -11 -10 -10 -10 -9 ------- Run | Yrd Mat Min Exi Min Active Infowar (turns) 2554 | 110 348 197 482 1417 Terrain 1377 | . . . . 1377 Seismic 1177 | 110 348 197 482 40 Robot Analysis Total . | . . . . . Derelict Logs Recovered 3 | . . 2 . 1 Drone Launches . | . . . . . Drone Recoveries . | . . . . . Exploration | -11 -10 -10 -10 -9 ------------- Run | Yrd Mat Min Exi Min Turns Passed 2654 | 210 348 197 482 1417 Spaces Moved 1771 | 133 239 148 395 856 Core 10 | 10 . . . . Treads . | . . . . . Legs 1761 | 123 239 148 395 856 Wheels . | . . . . . Hover . | . . . . . Flight . | . . . . . Fastest Speed 50 | 50 120 120 120 120 Average Speed 120 | 124 120 120 120 120 Slowest Speed 190 | 190 120 120 120 120 Overloaded Moves . | . . . . . Propulsion Burnouts . | . . . . . Robots Hopped . | . . . . . Potential Cave-ins . | . . . . . Cave-ins Triggered . | . . . . . Exploration Rate (%) 49 | 7 34 55 65 88 Regions Visited 4 Branch Regions 3 Pre-discovered Areas . | . . . . . Known Exits Taken . | . . . . . Unknown Exits Taken 4 | 1 1 1 1 . Scrap Searched 4 | . . 1 . 3 Spaces Dug 10 | . . . . 10 Terrain Destroyed 74 | . . . . 74 Melee 2 | . . . . 2 Projectile . | . . . . . AOE 72 | . . . . 72 Terrain Rammed . | . . . . . Walls Destroyed . | . . . . . Machines Disabled . | . . . . . Actions | -11 -10 -10 -10 -9 --------- Run | Yrd Mat Min Exi Min Total 2203 | 158 277 164 403 1201 Wait 336 | . 14 11 7 304 Move 1767 | 132 238 147 394 856 Hop . | . . . . . Pick Up 16 | 9 4 1 1 1 Fast Attach 8 | 7 . . . 1 Attach 1 | . . . . 1 Detach . | . . . . . Swap 12 | 1 2 1 . 8 Drop 14 | 1 6 2 1 4 Fire 42 | 8 13 2 . 19 Melee 7 | . . . . 7 Ram . | . . . . . Kick . | . . . . . Crush . | . . . . . Escape Stasis . | . . . . . Rewire . | . . . . . Trap . | . . . . . Miscellaneous . | . . . . . Route ------- -11/Scrapyard -10/Materials -10/Mines (discovered 3 exits: [*Mat] / *Exi / Sub) -10/Exiles (discovered 2 exits: [*Min x2]) -9/Mines History --------- Turn | Location | Event 9 | -11/Scrapyard | Discovered new exit (range 16) 211 | -11/Scrapyard | Entered Materials 296 | -10/Materials | Met 8R-AWN 315 | -10/Materials | Build established: Mutant 486 | -10/Materials | Discovered new exit (range 6) 559 | -10/Materials | Entered Mines 561 | -10/Mines | Followed 8R-AWN into the Mines 595 | -10/Mines | Discovered new exit (range 8) 642 | -10/Mines | Learned location of 1 exit from Materials 688 | -10/Mines | A weapon hastily lodged in a ceiling crevice suddenly fell to the ground 713 | -10/Mines | Identified exit to Subcaves 751 | -10/Mines | Discovered new exit (range 5) 756 | -10/Mines | Entered Exiles 792 | -10/Exiles | Discovered new exit (range 14) 836 | -10/Exiles | Welcomed by 8R-AWN 856 | -10/Exiles | Met EX-HEX 908 | -10/Exiles | Met EX-BIN 929 | -10/Exiles | Aligned with FarCom system 930 | -10/Exiles | Given EX-Vault access code 965 | -10/Exiles | Opened EX-Vault 971 | -10/Exiles | Found Prototype Processor 1009 | -10/Exiles | Warned to stay clear of 0b10 Research branches 1047 | -10/Exiles | Met EX-DEC 1131 | -10/Exiles | Discovered new exit (range 14) 1238 | -10/Exiles | Left Exiles lab with Modified TNC 1238 | -10/Exiles | Entered Mines 1539 | -9/Mines | Excavation squad dispatched 1539 | -9/Mines | A large section of the Mines collapsed 1789 | -9/Mines | Excavation squad dispatched 2039 | -9/Mines | Excavation squad dispatched 2166 | -9/Mines | Build established: Skirmisher 2289 | -9/Mines | Excavation squad dispatched 2539 | -9/Mines | Excavation squad dispatched 2647 | -9/Mines | Core integrity fell below 50% 2655 | -9/Mines | Self-destructed Last Messages --------------- 01848_ Acquired 66 matter. 01892_ T-07 Excavator is excavating. 02039_ ALERT: Derelict activity in mines confirmed. Dispatching additional escorted excavation squad. 02527_ Acquired 12 matter. 02533_ C-30 ARC: "SECOND INTRUDER APPROACHING. ELIMINATE." 02533_ C-30 ARC bursts open, deploying its payload. 02533_ G-34 Mercenary unfolds itself. 02535_ C-30 ARC bursts open, deploying its payload. 02535_ B-36 Bruiser unfolds itself. 02535_ G-34 Mercenary unfolds itself. 02539_ ALERT: Derelict activity in mines confirmed. Dispatching additional escorted excavation squad. 02546_ C-30 ARC bursts open, deploying its payload. 02546_ G-47 Trooper unfolds itself. 02546_ G-34 Mercenary unfolds itself. 02650_ Searching scrap... 02650_ Found Trap Extractor. 02650_ Found 50 Matter. 02651_ Acquired 14 matter. Map ----- +----------------------------------------------------+ | ??#??# ##??#####?# # | | ?????# ##### #####= | | ?????##### ### | | ?????????## | | ????????#?#### #### # | | ????????#????## #### # | | ???????#??????# #??## # | | ??????#?????#?# ###?## # | | ????????????#?## ####### # | | ???????????????# ##??# | | ???????????##?## #?## | | ??????????????# ##?#### | | ?#????????#???# ###?#?? | | ??????#???????## #?#???# | | ????#???????##### ##?#### | | ??????????######## #?#### | | ????######## ###gb ### | | ????# ### ### | | ????# g g #?# #?# | | ????# ##### #### ### | | ????# s#???## #??# | | ????# #????# ##?# ### | | ????# s#????# ### #### | | ??###% ###??# ## #?## | | #?# !s #??## ## ##?## | | ??# @ #???## ## ##??### | | #?# #????# # #####?# | | ?## ###??# # ##?# | | ??#T######????# #### | | ??##??????????## #?## | | ???????????????# ### | | ??????????????# ##### | | ?????????????# ##?## | | ????????#????# ##?## | | ???????#??#??# ##### | | ????????????## ##### | | ?????????????## ##?# #### | | ??????????????#####?## ##??? | | ?#?????????????????#?#####???# | | ?????????#??????#????????????? | | ????????????????????????#?#??? | | | | | | | | | | | | | | | | | | | +----------------------------------------------------+ Best States ------------- Heat Dissipation 25 Energy Generation 12 Energy Capacity 265 Matter Stores 300 Matter Capacity 300 Sight Range 16 Terrain Scan Range 16 Terrain Scan Density 10 Evasion (%) 55 Item Schematics ----------------- None Robot Schematics ------------------ None Fabricated ------------ Nothing Repaired ---------- Nothing Alien Tech Used ----------------- None Achievements -------------- None Challenges ------------ None Game ------ Seed CoilSpikedRail Manual? 0 Play Time 00:24:18 Cumulative 28.1 hours Start 2025.07.16 @ 22:08:30 End 2025.07.16 @ 22:31:35 Sessions 1 Manual Loads 0 Difficulty Rogue Special Mode None Game No. 29 Rogue 29 Adventurer 0 Explorer 0 Win Type - Total 0 Types 0/0/0/0/0/0/0/0/0/0 Lore% 21 Gallery% 17 Achievement% 19 Wizard Run 0 Options --------- Layout 0 ASCII 0 Keyboard 1 Movement Numpad Keybinds 0 Fullscreen 1 Font 18/SmallcapsGlow Map View 76x50 Zoom Use 0% Tactical HUD 1 Map Filters NONE Filters NONE Steam 1 RUN: 9c6517e6-eff2-49ff-b14a-5078db484115